 Dungeon Crawl Stone Soup version 0.25-a0-96-g4073cf80fb (webtiles) character file.

Game seed: 13987798928961770898, levelgen mode: deterministic

60 vurker the Magician (level 3, -3/25 HPs)
             Began as a Mummy Fire Elementalist on Nov 11, 2019.
             Slain by an orc
             ... wielding a cursed -1 flail
              (4 damage)
             ... on level 2 of the Dungeon.
             The game lasted 00:01:34 (1220 turns).

vurker the Magician (Mummy Fire Elementalist)       Turns: 1220, Time: 00:01:35

Health: -3/25      AC:  2    Str: 11    XL:     3   Next: 82%
Magic:  0/8        EV: 12    Int: 15    God:
Gold:   56         SH:  0    Dex: 12    Spells: 8/9 levels left

rFire    x . .     SeeInvis .   h - +1 dagger (venom)
rCold    + . .     Gourm    .   (no shield)
rNeg     + + +     Faith    .   a - +0 robe
rPois    ∞         Spirit   .   (no helmet)
rElec    .         Reflect  .   (no cloak)
rCorr    .         Harm     .   (no gloves)
MR       .....                  (no boots)
Stlth    ++........             (no amulet)
HPRegen  0.08/turn              (no ring)
MPRegen  0.11/turn              (no ring)

@: very slightly contaminated
A: no food or potions, fire vulnerability, cold resistance 1, negative energy
resistance 3, torment resistance, unbreathing
a: no special abilities


You were on level 2 of the Dungeon.
You were not hungry.

You visited 1 branch of the dungeon, and saw 2 of its levels.

You collected 56 gold pieces.

Inventory:

Hand Weapons
 h - a +1 dagger of venom (weapon)
   (You took it off a goblin on level 2 of the Dungeon)
Armour
 a - a +0 robe (worn)
Scrolls
 b - a scroll of remove curse {unknown}
 c - 2 scrolls of identify {unknown}
 d - a scroll of fog {unknown}
 f - a scroll of teleportation {unknown}
 g - a scroll of amnesia {unknown}


   Skills:
 + Level 0.9 Fighting
 - Level 1.5 Dodging
 - Level 1.5 Stealth
 * Level 3.6 Spellcasting
 * Level 1.7 Conjurations
 * Level 2.9 Fire Magic


You had 8 spell levels left.
You knew the following spells:

 Your Spells              Type           Power        Failure   Level  Hunger
a - Flame Tongue          Conj/Fire      #....        7%          1    N/A

Your spell library contained the following spells:

 Spells                   Type           Power        Failure   Level  Hunger
 Throw Flame              Conj/Fire      #.....       11%         2    N/A
 Conjure Flame            Conj/Fire      #.......     22%         3    N/A
 Inner Flame              Hex/Fire       #.......     30%         3    N/A
 Sticky Flame             Conj/Fire      #.......     56%         4    N/A
 Fireball                 Conj/Fire      #.........   89%         5    N/A

Dungeon Overview and Level Annotations

Branches:
Dungeon (2/15)

Altars:


Innate Abilities, Weirdness & Mutations

You do not eat or drink.
Your flesh is vulnerable to fire.
You are immune to poison.
Your flesh is cold resistant. (rC+)
You are immune to negative energy. (rN+++)
You are immune to unholy pain and torment.
You can survive without breathing.


Message History

You see here a ration.
You see here a ration. 2 orcs, an orc priest and an orc wizard come into view.
The orc shouts!
The orc priest shouts!
The orc wizard shouts!
The orc shouts!
You see here a leather armour.
There are monsters nearby!
Aim: an orc wizard, wielding a +0 dagger and wearing a +0 robe You miscast Flame Tongue.
You are very lightly contaminated with residual magic.
Nothing appears to happen.
The orc wizard mumbles some strange words.
The orc wizard seems to speed up.
Aim: an orc wizard, wielding a +0 dagger and wearing a +0 robe (fast)
The flame tongue hits the orc wizard.
The orc wizard hits you with a +0 dagger.
An ooze comes into view.
Aim: an orc wizard, wielding a +0 dagger and wearing a +0 robe (moderately wounded, fast)
The flame tongue hits the orc wizard.
The orc priest mumbles some strange prayers to Beogh against you.
Beogh smites you! The orc wizard closely misses you.
You closely miss the orc wizard. The orc wizard closely misses you.
The orc wizard misses you.
You hit the orc priest.
The orc priest hits you with a +0 flail.
* * * LOW HITPOINT WARNING * * *
The orc wizard hits you with a +0 dagger.
* * * LOW HITPOINT WARNING * * *
You hit the orc priest but do no damage.
The orc priest is poisoned.
The orc wizard points at you and mumbles some strange words.
The magic dart hits you.
* * * LOW HITPOINT WARNING * * *
The orc priest closely misses you.
The orc wizard hits you with a +0 dagger.
* * * LOW HITPOINT WARNING * * *
You see here a ration.
Aim: an orc wizard, wielding a +0 dagger and wearing a +0 robe (severely wounded, fast)
The flame tongue misses the orc wizard.
The orc wizard hits you but does no damage.
Aim: an orc wizard, wielding a +0 dagger and wearing a +0 robe (severely wounded, fast)
The flame tongue hits the orc wizard.
You kill the orc wizard!
Aim: an orc, wielding a -1 flail The flame tongue hits the orc.
The orc closely misses you.
Aim: an orc, wielding a -1 flail (severely wounded)
The flame tongue misses the orc.
Aim: an orc, wielding a -1 flail (severely wounded)
You miscast Flame Tongue.
Nothing appears to happen.
The orc hits you with a cursed -1 flail.
You die...

#....' ###### #
.. ....######
...Joo.o.#
#########o#
........@o#######
########.........
#[######## #.#
#.# #.# #.# #.#
#.#


You could see an orc priest and 2 orcs.

Vanquished Creatures
  An orc wizard (D:2)
  An adder (D:2)
  An ooze (D:2)
  A leopard gecko (D:1)
  2 giant cockroaches (D:1)
  4 goblins
  A hobgoblin (D:1)
  6 kobolds
  2 bats
  A rat (D:2)
20 creatures vanquished.

Notes
Turn   | Place    | Note
-------+----------+-------------------------------------------
     0 | D:1      | vurker the Mummy Fire Elementalist began the quest for the
                  | Orb.
     0 | D:1      | Reached XP level 1. HP: 13/13 MP: 4/4
   113 | D:1      | Reached skill level 1 in Conjurations
   162 | D:1      | Reached skill level 3 in Spellcasting
   268 | D:1      | Reached XP level 2. HP: 18/19 MP: 3/6
  1167 | D:2      | Reached XP level 3. HP: 25/25 MP: 4/7
  1214 | D:2      | HP: 1/25 [orc wizard/+0 dagger (1)]
  1220 | D:2      | Slain by an orc

Levels and vault maps discovered:
D:1:      tarquinn_simple_flora_water_e, layout_rooms,
          minmay_misc_feat_ornament, corexii_leaking_fountain,
          minmay_crystal_room
D:2:      layout_basic

Skill      XL: |  1 |
---------------+----+-----
Conjurations   | 1 |  1.7
Spellcasting   | 3 |  3.6
Fighting       | |  0.9
Dodging        | |  1.5
Stealth        | |  1.5
Fire Magic     | |  2.9

Action                   || total
-------------------------++-------
Melee: Unarmed           ||     6
       Dagger            ||     6
 Cast: Flame Tongue      ||    32
Armor: Robe              ||     3
Dodge: Dodged            ||    14

Table legend:
 A = Non-vault XP
 B = Vault XP
 C = Vault XP percentage of total XP
 D = Non-vault monster count
 E = Vault monster count
 F = Vault count percentage of total count
                 A         B        C        D         E       F
            +---------+---------+-------+---------+---------+-------
      Total |      87 |       0 |   0.0 |      20 |       0 |   0.0
            +---------+---------+-------+---------+---------+-------
        D:1 |      21 |       0 |   0.0 |      12 |       0 |   0.0
        D:2 |      66 |       0 |   0.0 |       8 |       0 |   0.0
            +---------+---------+-------+---------+---------+-------
